[Event "Titled Tuesday Blitz July 18 Late 2023"]
[White "Horcajuelo Rocamora, Martin"]
[Black "Vlassov, Nikolai"]
[WhiteFideId "24573027"]
[BlackFideId "4103360"]
[WhiteElo "2472"]
[BlackElo "2573"]
[Result "1/2-1/2"]
[Round "10"]
[TimeControl "180+2"]
[Date "2023.07.18"]
[WhiteClock "0:00:04"]
[BlackClock "0:00:05"]
[Board "52"]

1. Nf3 c5 2. b3 Nc6 3. Bb2 d5 4. e3 a6 5. d4 Bg4 6. h3 Bh5 7. Nbd2 e6 8. Bd3 Nf6 9. O-O b5 10. dxc5 Bxc5 11. Qe2 O-O 12. e4 Nb4 13. a3 Nxd3 14. cxd3 Rc8 15. b4 Be7 16. Rac1 Qb6 17. g4 Bg6 18. Bd4 Qb7 19. Ne5 dxe4 20. Nxg6 hxg6 21. dxe4 Qa8 22. f3 Rfd8 23. Qe3 a5 24. Bb6 Rxc1 25. Rxc1 Rc8 26. Rxc8+ Qxc8 27. Bxa5 Nd7 28. Kg2 Qc2 29. Kf2 Bf6 30. Ke2 Ne5 31. Qb3 Qc1 32. Qb1 Qc6 33. f4 Nc4 34. Qd3 Nxd2 35. Kxd2 g5 36. e5 Be7 37. f5 Qg2+ 38. Kc3 exf5 39. gxf5 g4 40. hxg4 Qxg4 41. Bd8 Bf8 42. f6 Qf4 43. Be7 Bxe7 44. fxe7 Qxe5+ 45. Qd4 Qxe7 46. Qd5 Qf6+ 47. Kd3 g5 48. Qxb5 g4 49. a4 Kg7 50. Qd5 Qf1+ 51. Ke3 Qe1+ 52. Kf4 Qxb4+ 53. Kg5 Qxa4 54. Qe5+ Kf8 55. Qb8+ Ke7 56. Qe5+ Kd7 57. Qf5+ Kd6 58. Qxf7 Qe4 59. Qf6+ Kd5 60. Qf4 Kd4 61. Qxg4 Qxg4+ 62. Kxg4 1/2-1/2


[Site "https://www.chess.com"]

[Event "Titled Tuesday Blitz July 18 Late 2023"]
[White "Golubev, Mikhail"]
[Black "Kovacsy, Barnabas"]
[WhiteFideId "14100983"]
[BlackFideId "769290"]
[WhiteElo "2569"]
[BlackElo "2443"]
[Result "0-1"]
[Round "10"]
[TimeControl "180+2"]
[Date "2023.07.18"]
[WhiteClock "0:00:00"]
[BlackClock "0:00:13"]
[Board "53"]

1. e4 c5 2. Nf3 e6 3. d4 cxd4 4. Nxd4 Nc6 5. Nc3 Qc7 6. Be3 a6 7. Bd3 Nf6 8. O-O Ne5 9. Be2 d6 10. f4 Ng6 11. f5 Ne5 12. fxe6 Bxe6 13. Nxe6 fxe6 14. Bd4 Be7 15. Qe1 O-O 16. Qg3 b5 17. a3 Rac8 18. Qh3 Qd7 19. Rad1 Nc6 20. Be3 Rcd8 21. Kh1 Ne5 22. Bb6 Rb8 23. Bd4 Nc6 24. e5 Nxd4 25. Rxd4 Ne8 26. Rxf8+ Bxf8 27. Bg4 Nc7 28. Ne4 d5 29. Ng5 h6 30. Nxe6 Re8 31. Nxf8 Rxf8 32. Rd1 Qf7 33. Qd3 Qf4 34. Bf3 Qxe5 35. c3 Rd8 36. g3 Ne6 37. Kg2 d4 38. cxd4 Nxd4 39. Qe4 Qf6 40. Bg4 g6 41. h4 h5 42. Bh3 Kg7 43. Rf1 Qc6 44. Qxc6 Nxc6 45. Rf2 Ne5 46. Kf1 Nc4 47. Re2 Rd3 48. Kf2 a5 49. Bc8 a4 50. Be6 Nd6 0-1


[Site "https://www.chess.com"]

[Event "Titled Tuesday Blitz July 18 Late 2023"]
[White "Sadovsky, Artem"]
[Black "NLLO777"]
[WhiteFideId "4155840"]
[WhiteElo "2565"]
[BlackElo "2459"]
[Result "1/2-1/2"]
[Round "10"]
[TimeControl "180+2"]
[Date "2023.07.18"]
[WhiteClock "0:00:03"]
[BlackClock "0:00:06"]
[Board "54"]

1. Nf3 d5 2. e3 Nf6 3. c4 e6 4. b3 Be7 5. Bb2 O-O 6. Be2 c5 7. O-O Nc6 8. cxd5 exd5 9. d4 b6 10. Nc3 Bb7 11. Rc1 Rc8 12. dxc5 bxc5 13. Na4 Ne4 14. Nd2 Nxd2 15. Qxd2 Nb4 16. Nxc5 Bxc5 17. Rxc5 Rxc5 18. Qd4 Qf6 19. Qxc5 Qxb2 20. Qxb4 Qxe2 21. Qxb7 Qxa2 22. Qxd5 Rb8 23. Rc1 h6 24. h4 Qxb3 25. Rc8+ Kh7 26. Qe4+ g6 27. Rc7 a5 28. Qe5 a4 29. h5 Qd1+ 30. Kh2 Qxh5+ 31. Qxh5 gxh5 32. Rxf7+ Kg6 33. Ra7 Rb4 34. Ra5 h4 35. Kh3 Rb2 36. f3 Rb3 37. e4 a3 38. Kxh4 Rb2 39. g4 a2 40. Kg3 Kf6 41. f4 Rb3+ 42. Kh4 Rb2 43. e5+ Kg7 44. f5 Rh2+ 45. Kg3 Rb2 46. e6 Kf6 47. Ra7 h5 48. gxh5 Kxf5 49. e7 Re2 50. h6 Rxe7 51. Rxa2 Rh7 52. Ra6 Kg5 53. Ra5+ Kxh6 54. Kg4 Kg6 55. Ra6+ Kf7 56. Kg5 Rg7+ 57. Kf5 Rg1 58. Ra7+ Ke8 59. Ra8+ Kd7 60. Ra7+ Kd6 61. Ra6+ Kd5 62. Ra4 Kd6 63. Rf4 Rg8 64. Rd4+ Kc5 65. Rf4 Rf8+ 66. Ke4 Rxf4+ 67. Kxf4 1/2-1/2


[Site "https://www.chess.com"]

[Event "Titled Tuesday Blitz July 18 Late 2023"]
[White "Diano, Eden"]
[Black "Silva Lucena, Cristian"]
[WhiteFideId "5203708"]
[BlackFideId "2232588"]
[WhiteElo "2564"]
[BlackElo "2422"]
[Result "0-1"]
[Round "10"]
[TimeControl "180+2"]
[Date "2023.07.18"]
[WhiteClock "0:00:31"]
[BlackClock "0:01:13"]
[Board "55"]

1. d4 d5 2. c4 dxc4 3. e4 b5 4. a4 c6 5. b3 cxb3 6. axb5 cxb5 7. Bxb5+ Bd7 8. Qxb3 a6 9. Bc4 e6 10. Ne2 Nc6 11. O-O Na5 12. Qc3 Nxc4 13. Qxc4 Bb5 14. Qc2 Rc8 15. Qd2 Nf6 16. Nbc3 Bb4 17. Qe3 Bxc3 18. Nxc3 Bxf1 19. Kxf1 O-O 20. Rxa6 Ng4 21. Qd3 Qc7 22. Ne2 Nxh2+ 23. Kg1 Ng4 24. Bf4 Qc4 25. Qxc4 Rxc4 26. e5 Rb8 27. g3 Rc2 28. Kf1 h5 29. f3 Rb1+ 30. Nc1 Nh2+ 31. Ke1 Nxf3+ 32. Kd1 Rc4 33. Be3 Nxd4 34. Ra8+ Kh7 35. Rd8 Nb3 36. Rb8 Rbxc1+ 37. Bxc1 Nxc1 38. Kd2 Kg6 39. Rb2 Kf5 40. Rb7 Kxe5 41. Rxf7 g5 42. Rf1 Nb3+ 43. Kd3 Rg4 44. Re1+ Kf5 45. Re3 Nc5+ 46. Ke2 Ne4 47. Rf3+ Ke5 48. Rf8 Nxg3+ 49. Ke3 Nf5+ 50. Kf3 Rb4 51. Rh8 Rb3+ 52. Kf2 h4 53. Rh5 Kf4 54. Rh8 Rb2+ 55. Ke1 g4 56. Re8 e5 57. Rh8 h3 58. Kd1 Rf2 59. Ke1 Ra2 60. Kd1 Kf3 61. Rf8 Kf4 62. Rh8 e4 63. Ke1 e3 64. Rf8 h2 65. Rh8 Kf3 0-1


[Site "https://www.chess.com"]

[Event "Titled Tuesday Blitz July 18 Late 2023"]
[White "Vujacic, Igor"]
[Black "Voege, Tobias"]
[WhiteFideId "932620"]
[BlackFideId "1270513"]
[WhiteElo "2344"]
[BlackElo "2562"]
[Result "0-1"]
[Round "10"]
[TimeControl "180+2"]
[Date "2023.07.18"]
[WhiteClock "0:00:00"]
[BlackClock "0:00:31"]
[Board "56"]

1. d4 d5 2. Bf4 Nc6 3. e3 Nf6 4. Nd2 Bg4 5. Be2 Bxe2 6. Qxe2 e6 7. Ngf3 Bd6 8. O-O O-O 9. c3 Rb8 10. a4 Re8 11. Ne5 Bxe5 12. Bxe5 Nxe5 13. dxe5 Nd7 14. f4 c5 15. e4 d4 16. Nc4 Re7 17. Rad1 dxc3 18. bxc3 Qc7 19. Nd6 a6 20. Rf3 f6 21. exf6 Nxf6 22. Rh3 e5 23. Nf5 Re6 24. Qc4 Re8 25. Nh6+ Kh8 26. fxe5 Nxe4 27. Qxe4 gxh6 28. Qf4 Qg7 29. Rd5 Rf8 30. Qe3 b6 31. Rg3 Qe7 32. Rf3 Rg8 33. g3 h5 34. Kh1 h4 35. Rf5 hxg3 36. hxg3 Qg7 37. Kg2 Rg6 38. Rf3 Qe7 39. e6 Rxe6 40. Qd3 Re2+ 41. Rf2 Re3 42. Qd2 Rexg3+ 0-1


[Site "https://www.chess.com"]

[Event "Titled Tuesday Blitz July 18 Late 2023"]
[White "Musovic, Armin"]
[Black "Lalanne, Pablo"]
[WhiteFideId "939935"]
[BlackFideId "112151"]
[WhiteElo "2550"]
[BlackElo "2398"]
[Result "0-1"]
[Round "10"]
[TimeControl "180+2"]
[Date "2023.07.18"]
[WhiteClock "0:00:09"]
[BlackClock "0:00:16"]
[Board "57"]

1. a3 g6 2. Nc3 Bg7 3. e4 d6 4. Bc4 Nf6 5. d4 O-O 6. Bg5 h6 7. Bh4 c5 8. dxc5 dxc5 9. Qxd8 Rxd8 10. e5 Nfd7 11. O-O-O Nc6 12. e6 fxe6 13. Bxe6+ Kh7 14. Nf3 g5 15. Bg3 Nd4 16. Nxd4 cxd4 17. Nd5 Nc5 18. Bxc8 Rxd5 19. Bg4 Kg6 20. Rhe1 Bf6 21. Kb1 Rad8 22. Bf3 R5d7 23. Be5 Kg7 24. Bg4 Rd5 25. Bg3 d3 26. Bf3 R5d7 27. cxd3 Nxd3 28. Re2 Nc5 29. Rxd7 Rxd7 30. Rc2 b6 31. h3 Rd3 32. Bb8 Rd7 33. Bg4 Rb7 34. Bg3 e5 35. Rd2 Ne4 36. Rd5 Nxg3 37. fxg3 Re7 38. Be2 e4 39. Kc2 Rc7+ 40. Kb3 Rc1 41. Rd7+ Kg6 42. Bb5 Kf5 43. Rxa7 Rb1 44. Bd7+ Kg6 45. Bg4 Rxb2+ 46. Kc4 Rxg2 47. Ra6 h5 48. Bd7 Rxg3 49. Be8+ Kg7 50. Bxh5 e3 51. Rxb6 Rxh3 52. Rb7+ Kh6 53. Be8 Rh4+ 54. Kd3 e2 55. Kxe2 Re4+ 56. Kf3 Rxe8 57. Rb6 Kg7 58. a4 Ra8 59. Rb7+ Kg6 60. Rb4 Ra5 61. Rc4 Kf5 62. Rb4 Be5 63. Ke3 Rc5 64. Kd3 g4 65. Ke3 Rc3+ 66. Kd2 Ra3 67. Rc4 g3 68. Ke2 g2 69. Kf2 Ra2+ 70. Kg1 Ke6 71. Re4 Kd5 72. Re1 Bd4+ 73. Kh2 g1=Q+ 74. Kh3 Qxe1 0-1


[Site "https://www.chess.com"]

[Event "Titled Tuesday Blitz July 18 Late 2023"]
[White "SicilianPanzer"]
[Black "Przybylski, Wojciech"]
[BlackFideId "1117599"]
[WhiteElo "2319"]
[BlackElo "2546"]
[Result "0-1"]
[Round "10"]
[TimeControl "180+2"]
[Date "2023.07.18"]
[WhiteClock "0:00:00"]
[BlackClock "0:00:07"]
[Board "58"]

1. e4 e5 2. Nc3 Nf6 3. Bc4 Nc6 4. d3 Bc5 5. f4 Bxg1 6. Rxg1 d6 7. f5 h6 8. a3 Nd4 9. Be3 c6 10. Ba2 d5 11. Qd2 Nxf5 12. exf5 d4 13. O-O-O dxe3 14. Qxe3 O-O 15. Qxe5 Re8 16. Qf4 h5 17. h3 Qb6 18. Rge1 Bd7 19. g4 Qc5 20. Ne4 Qd4 21. Nxf6+ Qxf6 22. Qc7 Re7 23. Rxe7 Qxe7 24. f6 gxf6 25. Kb1 h4 26. Qf4 Qe5 27. Qh6 Qg5 28. Qxg5+ fxg5 29. Rf1 Rf8 30. d4 Kg7 31. Bc4 f5 32. gxf5 Rxf5 33. Rxf5 Bxf5 34. Bf1 g4 35. Bg2 gxh3 36. Bh1 Bg4 37. Kc1 Be6 38. c3 Bd5 0-1


[Site "https://www.chess.com"]

[Event "Titled Tuesday Blitz July 18 Late 2023"]
[White "ChessSG1"]
[Black "Cordova, Emilio"]
[BlackFideId "3801497"]
[WhiteElo "2333"]
[BlackElo "2777"]
[Result "0-1"]
[Round "10"]
[TimeControl "180+2"]
[Date "2023.07.18"]
[WhiteClock "0:00:00"]
[BlackClock "0:00:24"]
[Board "59"]

1. d4 Nf6 2. c4 e6 3. g3 c5 4. d5 exd5 5. cxd5 d6 6. Nc3 g6 7. Bg2 Bg7 8. Nf3 O-O 9. O-O Re8 10. Bf4 Na6 11. Re1 Bg4 12. Nd2 Nh5 13. Be3 Rxe3 14. fxe3 Qe7 15. Nc4 Bd7 16. a4 Nc7 17. e4 b6 18. Kh1 Rb8 19. Ra2 a6 20. a5 b5 21. Nb6 b4 22. Nxd7 Qxd7 23. Na4 Nf6 24. Nb6 Qe7 25. Qd3 Ng4 26. Rf1 Nb5 27. Nc4 Ne5 28. Nxe5 Bxe5 29. e3 h5 30. b3 f6 31. Raf2 Kg7 32. Bh3 Rh8 33. Be6 Nc7 34. Qc4 Rb8 35. h3 Rb5 36. g4 hxg4 37. hxg4 Rb8 38. g5 Rh8+ 39. Kg1 Ne8 40. Qxa6 f5 41. Rg2 f4 42. exf4 Bd4+ 43. Rff2 Rh4 44. f5 gxf5 45. exf5 Bxf2+ 46. Kxf2 Kf8 47. f6 Nxf6 48. gxf6 Qxf6+ 49. Kg1 Qa1+ 50. Qf1+ Qxf1+ 51. Kxf1 Rh1+ 52. Rg1 Rh2 53. Rg2 Rh1+ 54. Kf2 Ra1 55. Rg8+ Ke7 56. Ra8 Kf6 57. a6 Ke5 58. a7 Kd4 59. Kf3 Kc3 60. Kg4 Kxb3 61. Bd7 Kc3 62. Bb5 b3 63. Kf5 b2 64. Rb8 Rxa7 65. Be2 Re7 0-1


[Site "https://www.chess.com"]

[Event "Titled Tuesday Blitz July 18 Late 2023"]
[White "Papp, Levente"]
[Black "NigelDwarf"]
[WhiteFideId "751243"]
[WhiteElo "2694"]
[BlackElo "2494"]
[Result "0-1"]
[Round "10"]
[TimeControl "180+2"]
[Date "2023.07.18"]
[WhiteClock "0:00:00"]
[BlackClock "0:00:10"]
[Board "60"]

1. b3 e5 2. Bb2 Nc6 3. c4 Nf6 4. Nf3 e4 5. Nd4 d5 6. e3 Bd6 7. cxd5 Nxd5 8. Bc4 Nf6 9. Nxc6 bxc6 10. Bxf6 Qxf6 11. Nc3 Qg6 12. Qc2 Bf5 13. O-O-O a5 14. Rdg1 h5 15. h3 h4 16. g4 hxg3 17. fxg3 Rxh3 18. g4 Rxh1 19. Rxh1 Qxg4 20. Rh8+ Bf8 21. Nb5 Kd7 22. Rxf8 Rxf8 23. Nd4 c5 24. Bb5+ Kd6 25. Ne2 Rh8 26. Kb2 Rh2 27. Nf4 Qh4 28. Qc4 Rxd2+ 29. Ka3 Qf2 30. b4 axb4+ 31. Kb3 Rb2+ 32. Ka4 Rxa2+ 0-1


[Site "https://www.chess.com"]

[Event "Titled Tuesday Blitz July 18 Late 2023"]
[White "Korkmaz, Necmettin"]
[Black "Shuvalova, Polina"]
[WhiteFideId "6303285"]
[BlackFideId "24171760"]
[WhiteElo "2479"]
[BlackElo "2638"]
[Result "0-1"]
[Round "10"]
[TimeControl "180+2"]
[Date "2023.07.18"]
[WhiteClock "0:00:04"]
[BlackClock "0:00:06"]
[Board "61"]

1. e4 c6 2. d4 d5 3. Nc3 dxe4 4. Nxe4 Nf6 5. Nxf6+ exf6 6. Bc4 Be7 7. Nf3 O-O 8. O-O Bg4 9. h3 Bh5 10. Re1 Nd7 11. c3 Bd6 12. g4 Bg6 13. Nh4 Qc7 14. Qf3 Rae8 15. Bd2 Nb6 16. Bb3 a5 17. Nxg6 hxg6 18. h4 a4 19. Bc2 Nc4 20. Rxe8 Rxe8 21. Bc1 Re1+ 22. Kg2 Qe7 23. b3 Nd2 24. Qd3 Ne4 25. Bb2 Rxa1 26. Bxa1 f5 27. g5 axb3 28. axb3 Bc7 29. Qf3 Qe6 30. c4 Qd6 31. Bxe4 Qh2+ 32. Kf1 fxe4 33. Qxe4 Qh3+ 34. Ke2 Qxb3 35. Qe8+ Kh7 36. Qxf7 Qa2+ 37. Kf3 Qxa1 38. Qxc7 Qxd4 39. Qf4 Qd3+ 40. Kg2 b5 41. cxb5 cxb5 42. Qg4 Qd5+ 43. Kf1 Qd3+ 44. Ke1 Qc3+ 45. Kf1 b4 46. h5 b3 47. hxg6+ Kxg6 48. Qe6+ Kxg5 49. Qe7+ Kg6 50. Qe6+ Kg5 51. Qe7+ Kh5 52. Qf7+ Kh6 53. Qf4+ Kg6 54. Qg4+ Kf6 55. Qf4+ Ke7 56. Qg5+ Kf7 57. Qf5+ Ke7 58. Qg5+ Kd7 59. Qd5+ Kc7 60. Qf7+ Kb6 61. Qe6+ Kb5 62. Qd7+ Kb4 63. Qb7+ Ka3 64. Qa6+ Kb2 65. Qe2+ Kb1 66. Qe4+ Qc2 67. Qe5 b2 68. Qxg7 Ka1 69. Qd4 Qc1+ 70. Kg2 Qg5+ 71. Kf3 Qf5+ 72. Ke2 Qc2+ 73. Ke3 Ka2 74. Qa7+ Kb1 75. f4 Kc1 76. Qd4 b1=Q 77. f5 Qbb3+ 78. Kf4 Qcc4 79. Qxc4+ Qxc4+ 80. Kg5 Qf7 81. f6 Kd2 82. Kf5 Kd3 83. Ke5 Kc3 84. Kf5 Kd4 85. Kg5 Kd5 0-1


[Site "https://www.chess.com"]

[Event "Titled Tuesday Blitz July 18 Late 2023"]
[White "Schnaider, Ilan"]
[Black "Tomaszewski, Kacper"]
[WhiteFideId "169013"]
[BlackFideId "1127373"]
[WhiteElo "2630"]
[BlackElo "2466"]
[Result "1-0"]
[Round "10"]
[TimeControl "180+2"]
[Date "2023.07.18"]
[WhiteClock "0:00:04"]
[BlackClock "0:00:06"]
[Board "62"]

1. e4 d5 2. exd5 Qxd5 3. Nc3 Qd6 4. d4 Nf6 5. Nf3 Nc6 6. Bb5 a6 7. Ba4 b5 8. Bb3 Na5 9. O-O Nxb3 10. axb3 Bb7 11. Re1 e6 12. Bg5 Be7 13. Bh4 O-O 14. Bg3 Qd8 15. Ne5 c5 16. dxc5 Bxc5 17. Qe2 Qb6 18. Bh4 Be7 19. Bxf6 Bxf6 20. Nd7 Qc6 21. Nxf6+ gxf6 22. f3 Kh8 23. Ne4 Qb6+ 24. Kh1 Bxe4 25. Qxe4 Rac8 26. c3 Rfd8 27. b4 Rc4 28. Qc2 Rd5 29. Rad1 Rh5 30. Re4 Qc7 31. h3 Re5 32. Rxc4 Qxc4 33. Qf2 Qe2 34. Qd4 Kg7 35. Rd2 Qe1+ 36. Kh2 Rg5 37. Qf2 Qxf2 38. Rxf2 Rd5 39. Rc2 Rd1 40. Kg3 f5 41. Kf2 Kf6 42. f4 h5 43. Ke2 Rg1 44. Kf2 Rd1 45. Kg3 Rd3+ 46. Kh4 Kg6 47. Re2 Rd1 48. Re3 Rd2 49. Rg3+ Kf6 50. Kxh5 Rxb2 51. Kh6 e5 52. fxe5+ Kxe5 53. Kg7 f4 54. Rg5+ f5 55. h4 Rc2 56. h5 Rxc3 57. h6 Rc7+ 58. Kh8 Rc8+ 59. Rg8 Rc7 60. h7 Kf6 61. Rf8+ Kg6 62. Rg8+ Kh6 63. Ra8 Rxh7+ 64. Kg8 Rg7+ 65. Kh8 Rg6 66. Rf8 Kg5 67. Kh7 Rh6+ 68. Kg7 Rg6+ 69. Kh7 Rf6 70. Rg8+ Kh4 71. Kg7 Rd6 72. Kf7 Rd4 73. Kf6 Rxb4 74. Kxf5 a5 75. Rg4+ Kh5 76. Rg8 Kh6 77. Kf6 Kh7 78. Rg4 a4 79. Kf7 Kh6 80. Kf6 Kh5 81. Kf5 a3 82. g3 a2 83. Rh4# 1-0


[Site "https://www.chess.com"]

[Event "Titled Tuesday Blitz July 18 Late 2023"]
[White "Tikhonov, Viacheslav"]
[Black "Pein, Jonathan"]
[WhiteFideId "44196407"]
[BlackFideId "417092"]
[WhiteElo "2531"]
[BlackElo "2446"]
[Result "0-1"]
[Round "10"]
[TimeControl "180+2"]
[Date "2023.07.18"]
[WhiteClock "0:00:05"]
[BlackClock "0:00:20"]
[Board "63"]

1. e4 e5 2. Nf3 d6 3. d4 exd4 4. Qxd4 Nf6 5. Nc3 Nc6 6. Bb5 Bd7 7. Bxc6 bxc6 8. Bf4 g6 9. O-O Bg7 10. Qd3 O-O 11. h3 Rb8 12. Rab1 Re8 13. Bh2 Qc8 14. e5 Bf5 15. Qd2 Ne4 16. Nxe4 Bxe4 17. exd6 cxd6 18. Qxd6 Rxb2 19. Rxb2 Bxb2 20. Ne5 Qe6 21. Ng4 Qxd6 22. Bxd6 Bxc2 23. Bc5 a5 24. Ne3 Be4 25. Rd1 a4 26. a3 h5 27. Rd7 Rb8 28. Ra7 Be5 29. f3 Rb1+ 30. Kf2 Rb2+ 31. Kf1 Bd3+ 32. Ke1 Bc3+ 33. Kd1 Rb1# 0-1


[Site "https://www.chess.com"]

[Event "Titled Tuesday Blitz July 18 Late 2023"]
[White "Bueno, Alfeu Junior Varela"]
[Black "MFatigue"]
[WhiteFideId "2108879"]
[WhiteElo "2409"]
[BlackElo "2526"]
[Result "1/2-1/2"]
[Round "10"]
[TimeControl "180+2"]
[Date "2023.07.18"]
[WhiteClock "0:00:08"]
[BlackClock "0:00:47"]
[Board "64"]

1. e4 e6 2. d4 d5 3. Nd2 Nf6 4. Bd3 Nxe4 5. Nxe4 dxe4 6. Bxe4 Nd7 7. Qe2 Nf6 8. Bxb7 Rb8 9. Bxc8 Qxc8 10. Nf3 Bd6 11. O-O O-O 12. c3 c5 13. Bg5 Nd5 14. Rad1 cxd4 15. Nxd4 Qc7 16. Nxe6 fxe6 17. Qxe6+ Kh8 18. Rxd5 Bxh2+ 19. Kh1 Rxb2 20. Rd7 Qe5 21. Qxe5 Bxe5 22. Rxa7 Bxc3 23. Be3 h6 24. a4 Rd8 25. a5 Kh7 26. a6 Ra2 27. Rc1 Bd4 28. Bxd4 Rxd4 29. Rcc7 Rg4 30. Rc6 Rxf2 31. Rd7 Rfxg2 32. a7 Rg1+ 33. Kh2 R4g2+ 34. Kh3 Rg5 35. Kh2 R1g4 36. Kh3 Ra4 37. Rc8 Rga5 38. Rcc7 Rg5 39. Rc8 Ra3+ 40. Kh2 Ra2+ 41. Kh3 Ra3+ 42. Kh2 Ra4 43. Kh3 1/2-1/2


[Site "https://www.chess.com"]

[Event "Titled Tuesday Blitz July 18 Late 2023"]
[White "Goffredo_Fofi"]
[Black "Todorovic, Bojan"]
[BlackFideId "917087"]
[WhiteElo "2522"]
[BlackElo "2383"]
[Result "0-1"]
[Round "10"]
[TimeControl "180+2"]
[Date "2023.07.18"]
[WhiteClock "0:00:00"]
[BlackClock "0:00:17"]
[Board "65"]

1. d4 g6 2. e4 Bg7 3. c4 d6 4. Nc3 Nf6 5. Nf3 O-O 6. Be2 c5 7. d5 e6 8. Nd2 Na6 9. O-O Nc7 10. a4 Na6 11. f4 exd5 12. cxd5 Nb4 13. Ra3 Re8 14. Re1 b6 15. h3 a6 16. Bf1 Rb8 17. Nc4 b5 18. axb5 axb5 19. Na5 Bd7 20. e5 Nh5 21. e6 fxe6 22. dxe6 Bd4+ 23. Kh2 Qh4 24. Be2 Bxe6 25. Nxb5 Bf2 26. Rf1 Bg3+ 27. Rxg3 Nxg3 28. Rf3 Nxe2 29. Qxe2 Bd5 30. Qf1 Bxf3 31. Nxd6 Re1 32. Qxf3 Rxc1 33. Nc6 Nxc6 34. Qd5+ Kh8 35. Qxc6 Qxf4+ 0-1


[Site "https://www.chess.com"]

[Event "Titled Tuesday Blitz July 18 Late 2023"]
[White "Villarreal, Agustin"]
[Black "Leenhouts, Koen"]
[WhiteFideId "125687"]
[BlackFideId "1008439"]
[WhiteElo "2413"]
[BlackElo "2522"]
[Result "0-1"]
[Round "10"]
[TimeControl "180+2"]
[Date "2023.07.18"]
[WhiteClock "0:01:15"]
[BlackClock "0:00:38"]
[Board "66"]

1. Nf3 d5 2. d4 Nf6 3. c4 c6 4. Nc3 e6 5. cxd5 exd5 6. Bg5 Be7 7. e3 Nbd7 8. Bd3 O-O 9. Qc2 h6 10. Bh4 Re8 11. O-O Nf8 12. Rab1 a5 13. a3 Ne6 14. b4 axb4 15. axb4 Nh5 16. Bxe7 Qxe7 17. b5 Ng5 18. Nxg5 Qxg5 19. bxc6 bxc6 20. Rfc1 Bh3 21. Bf1 Bf5 22. Bd3 Bh3 23. g3 Rac8 24. Na4 Nf6 25. Nc5 h5 26. Bf1 Bf5 27. Bd3 Bh3 28. Nb7 Rxe3 29. fxe3 Qxe3+ 30. Qf2 Qxd3 31. Nc5 Qg6 32. Rb7 Ng4 33. Qc2 Qf6 34. Qd2 Re8 35. Nd7 Qf3 36. Ne5 Nxe5 37. dxe5 Rxe5 38. Qc2 Qe3+ 39. Kh1 Qf3+ 40. Kg1 Qe3+ 41. Kh1 Qe1+ 0-1


[Site "https://www.chess.com"]

[Event "Titled Tuesday Blitz July 18 Late 2023"]
[White "D`Arruda, Ricardo D."]
[Black "Vifleemskaia, Svetlana"]
[WhiteFideId "100692"]
[BlackFideId "4129490"]
[WhiteElo "2516"]
[BlackElo "2347"]
[Result "0-1"]
[Round "10"]
[TimeControl "180+2"]
[Date "2023.07.18"]
[WhiteClock "0:00:14"]
[BlackClock "0:00:47"]
[Board "67"]

1. Nf3 Nf6 2. g3 b5 3. Bg2 Bb7 4. O-O e6 5. d3 Be7 6. e4 d6 7. Nc3 a6 8. Nxb5 axb5 9. b3 O-O 10. Bb2 b4 11. Qe2 Nbd7 12. Rfe1 c5 13. Nd2 Qc7 14. f4 Nb6 15. a4 bxa3 16. Bxa3 Ra7 17. Bb2 Rxa1 18. Bxa1 Ra8 19. g4 Nfd7 20. g5 e5 21. fxe5 Nxe5 22. h4 Qd7 23. Kh2 Qg4 24. Qxg4 Nxg4+ 25. Kg3 Ne5 26. Bc3 Nbd7 27. Bh3 Ra2 28. Rc1 Bc6 29. Nc4 Nxc4 30. bxc4 Ne5 31. Rb1 Rxc2 32. Bxe5 dxe5 33. Rb8+ Bf8 34. Rc8 Ba4 35. h5 Rc3 36. Rd8 Bc2 37. Bf1 h6 38. g6 Bd1 39. Kh4 Rc1 40. Bh3 Bc2 41. Bd7 Bxd3 42. Be8 Bxc4 43. Bxf7+ Bxf7 44. gxf7+ Kxf7 0-1


[Site "https://www.chess.com"]

[Event "Titled Tuesday Blitz July 18 Late 2023"]
[White "Troff, Kayden"]
[Black "Izuzquiza Gonzalez, Javier"]
[WhiteFideId "2047896"]
[BlackFideId "3101029"]
[WhiteElo "2757"]
[BlackElo "2291"]
[Result "1-0"]
[Round "10"]
[TimeControl "180+2"]
[Date "2023.07.18"]
[WhiteClock "0:00:09"]
[BlackClock "0:00:02"]
[Board "68"]

1. b3 c5 2. Bb2 Nc6 3. Nf3 d5 4. d4 Nf6 5. g3 g6 6. dxc5 Qa5+ 7. Qd2 Qxc5 8. Bg2 Bg7 9. O-O O-O 10. Nc3 Rd8 11. Rad1 Bf5 12. Qc1 Rac8 13. Nh4 Be6 14. Na4 Qa5 15. a3 h6 16. Qa1 Nh5 17. Bxg7 Nxg7 18. e3 Nf5 19. Nf3 Nb8 20. Qb2 b5 21. Nc5 Qb6 22. b4 Nd7 23. Nxe6 Qxe6 24. g4 Nd6 25. h3 Nc4 26. Qb3 Ndb6 27. Nd4 Qd7 28. c3 a6 29. e4 Qc7 30. exd5 Nxd5 31. Qc2 Nf4 32. Qe4 Nxg2 33. Kxg2 Nxa3 34. Rd3 Nc4 35. Rfd1 Nd6 36. Qf4 Qb7+ 37. Kh2 Kg7 38. Qe5+ Kh7 39. Nf3 Nc4 40. Qf4 Rxd3 41. Qxf7+ Kh8 42. Rxd3 Qe4 43. Rd4 Qe2 44. Nh4 Ne5 45. Qf4 Rg8 46. Qxh6# 1-0


[Site "https://www.chess.com"]

[Event "Titled Tuesday Blitz July 18 Late 2023"]
[White "David, Bogdan-Emanuel"]
[Black "Castella Garcia, Fausto"]
[WhiteFideId "1229907"]
[BlackFideId "3501922"]
[WhiteElo "2586"]
[BlackElo "2424"]
[Result "1-0"]
[Round "10"]
[TimeControl "180+2"]
[Date "2023.07.18"]
[WhiteClock "0:00:20"]
[BlackClock "0:00:00"]
[Board "69"]

1. e4 c5 2. Nc3 Nc6 3. Bb5 Nd4 4. Nf3 Nxb5 5. Nxb5 d5 6. exd5 a6 7. Nc3 Nf6 8. Ng5 h6 9. Nge4 Nxe4 10. Nxe4 Qxd5 11. d3 g6 12. Qf3 Be6 13. Be3 Bg7 14. Bxc5 Bxb2 15. Rb1 Bg7 16. Rxb7 O-O 17. Bxe7 Qxb7 18. Nf6+ Bxf6 19. Qxb7 Rab8 20. Qa7 Bxe7 21. O-O Bf6 22. a4 Rbc8 23. c4 Rfd8 24. Qe3 Kg7 25. h3 Bd4 26. Qf3 Bf5 27. g4 Bxd3 28. Rd1 Bxc4 29. h4 Bd5 30. Qf4 Bc3 31. g5 h5 32. Rd3 Bb2 33. Qd2 Bc1 34. Qa5 Bf4 35. Rxd5 Rc1+ 36. Kg2 Re8 37. Rd7 Ree1 38. Qd5 Rg1+ 39. Kf3 Rc3+ 40. Kxf4 1-0


[Site "https://www.chess.com"]

[Event "Titled Tuesday Blitz July 18 Late 2023"]
[White "Al Mukhaini, Shima"]
[Black "Tarhan, Adar"]
[WhiteFideId "22005854"]
[BlackFideId "34544712"]
[WhiteElo "2412"]
[BlackElo "2556"]
[Result "0-1"]
[Round "10"]
[TimeControl "180+2"]
[Date "2023.07.18"]
[WhiteClock "0:00:45"]
[BlackClock "0:02:02"]
[Board "70"]

1. b3 c6 2. Bb2 d5 3. e3 Bf5 4. f4 f6 5. g4 Bg6 6. h4 Nd7 7. f5 Bf7 8. d3 e6 9. e4 exf5 10. exf5 Bd6 11. Qe2+ Ne7 12. g5 Bg3+ 13. Kd1 O-O 14. Qg4 Be5 15. d4 Bc7 16. Bd3 Kh8 17. g6 Be8 18. gxh7 c5 19. c3 cxd4 20. cxd4 Rc8 21. h5 Rf7 22. Nf3 Nf8 23. Nh4 Bd7 24. Rg1 Ba5 25. h6 g5 26. fxg6 Bxg4+ 27. Rxg4 Nfxg6 28. Bxg6 Nxg6 29. Nxg6+ Kxh7 30. Na3 Qe8 0-1


[Site "https://www.chess.com"]

[Event "Titled Tuesday Blitz July 18 Late 2023"]
[White "Jorajuria Mendoza, Algol"]
[Black "Velasco, Santiago"]
[WhiteFideId "5128897"]
[BlackFideId "4401328"]
[WhiteElo "2412"]
[BlackElo "2550"]
[Result "0-1"]
[Round "10"]
[TimeControl "180+2"]
[Date "2023.07.18"]
[WhiteClock "0:00:03"]
[BlackClock "0:01:21"]
[Board "71"]

1. e4 e5 2. Nf3 Nc6 3. Bb5 Nf6 4. O-O Nxe4 5. d4 Nd6 6. Bxc6 dxc6 7. dxe5 Nf5 8. Qxd8+ Kxd8 9. Rd1+ Ke8 10. c4 Be7 11. Nc3 Be6 12. b3 Nh4 13. Nd4 Bg4 14. f3 Bd7 15. Ne4 Rd8 16. Bb2 Nf5 17. g4 Nh4 18. Rd3 h5 19. h3 c5 20. Ne2 Bc6 21. Rxd8+ Kxd8 22. Rd1+ Kc8 23. Kf2 hxg4 24. hxg4 Bxe4 25. fxe4 Ng6 26. Kg2 Rh7 27. Rf1 Nh4+ 28. Kg3 g5 29. Bc1 Kd7 30. Nc3 c6 31. Nd1 Ng6 32. Bb2 Ke6 33. Rf5 Nh4 34. Rf2 Bd8 35. Ne3 Bc7 36. Nf5 Ng6 37. Nd6 Nxe5 38. Bxe5 Kxe5 39. Nxf7+ Ke6+ 40. e5 Rxf7 41. Rxf7 0-1


[Site "https://www.chess.com"]